 Dungeon Crawl Stone Soup version 0.25-a0-730-g633e9c3c14 (webtiles) character file.

Game seed: 4481426239590154194, levelgen mode: deterministic

23691 kae the Brawler (level 12, -3/102 HPs)
             Began as a Pale Draconian Transmuter on Apr 7, 2020.
             Was an Elder of Wu Jian.
             Slain by a seven-headed hydra (11 damage)
             ... on level 3 of the Lair of Beasts.
             The game lasted 00:20:33 (17860 turns).

kae the Brawler (Pale Draconian Transmuter)        Turns: 17860, Time: 00:20:34

Health: -3/102     AC:  6    Str: 18    XL:     12   Next: 74%
Magic:  0/26       EV: 10    Int: 14    God:    Wu Jian [****..]
Gold:   462        SH:  0    Dex: 11    Spells: 14/31 levels left

rFire    x . .     SeeInvis .     - Unarmed
rCold    + + +     Gourm    .   (shield currently unavailable)
rNeg     . . .     Faith    .   (armour unavailable)
rPois    +         Spirit   +   (helmet currently unavailable)
rElec    .         Reflect  .   (cloak currently unavailable)
rCorr    +         Harm     .   (gloves currently unavailable)
MR       .....                  (boots currently unavailable)
Stlth    ++........             r - amulet of guardian spirit
HPRegen  0.27/turn              e - ring of stealth
MPRegen  0.20/turn              A - ring of resist corrosion

@: ice-form, very slightly contaminated
A: large, (breathe steam), unfitting armour, AC +8
a: End Transformation, Wall Jump, Serpent's Lash, Renounce Religion


You were on level 3 of the Lair of Beasts.
You worshipped Wu Jian.
Wu Jian was greatly pleased with you.
You were not hungry.
You were a creature of crystalline ice.
You visited 3 branches of the dungeon, and saw 15 of its levels.
You also visited: Ice Cave.

You collected 840 gold pieces.
You spent 378 gold pieces at shops.

Inventory:

Missiles
 a - 350 arrows
Armour
 D - a +2 pair of boots of running (melded)
 E - a +1 pair of gloves of strength (melded)
Jewellery
 e - a ring of stealth (left front paw)
 n - a cursed ring of teleportation {unknown}
 r - an amulet of guardian spirit (around neck)
 w - an uncursed amulet of magic regeneration
 A - a ring of resist corrosion (right front paw)
 I - an uncursed ring of protection from fire {unknown}
 J - an uncursed ring of wizardry {unknown}
 K - an uncursed ring of protection from fire {unknown}
Wands
 f - a wand of iceblast (10)
 i - a wand of random effects (23)
 x - a wand of scattershot (6)
 y - a wand of enslavement (19)
 B - a wand of acid (9)
 L - a wand of digging (10)
Scrolls
 d - 2 scrolls of random uselessness
 k - 5 scrolls of remove curse
 o - a scroll of blinking
 p - 7 scrolls of teleportation
 t - 2 scrolls of enchant weapon
 C - 4 scrolls of identify
 F - a scroll of silence {unknown}
 G - 2 scrolls of holy word {unknown}
 H - a scroll of vulnerability {unknown}
Potions
 b - a potion of lignification
 g - 4 potions of stabbing
 h - 3 potions of brilliance
 j - a potion of invisibility
 l - 7 potions of curing
 m - 6 potions of flight {unknown}
 q - 2 potions of might
 s - a potion of mutation
 u - 2 potions of haste {unknown}
 v - a potion of heal wounds
 z - a potion of resistance {unknown}
Comestibles
 c - 21 rations


   Skills:
 + Level 1.7 Fighting
 + Level 2.1 Dodging
 - Level 15.0 Unarmed Combat
 - Level 10.0 Spellcasting
 - Level 11.0 Transmutations


You had 14 spell levels left.
You knew the following spells:

 Your Spells              Type           Power        Failure   Level  Hunger
a - Beastly Appendage     Tmut           #####.       1%          1    None
b - Sticks to Snakes      Tmut           #####...     1%          2    None
c - Spider Form           Tmut/Pois      ###.......   3%          3    #......
d - Ice Form              Ice/Tmut       ###.....     11%         4    ###....
e - Blade Hands           Tmut           #####.....   3%          5    #####..
f - Passwall              Tmut/Erth      ###.....     1%          2    None

Your spell library contained the following spells:

 Spells                   Type           Power        Failure   Level  Hunger
 Animate Skeleton         Necr           N/A          11%         1    None
 Pain                     Necr           #...         11%         1    None
 Petrify                  Tmut/Erth      ###.....     11%         4    ###....
 Swiftness                Chrm/Air       #.......     16%         2    None
 Confusing Touch          Hex            #.......     30%         3    #......
 Gell's Gravitas          Tloc           #.........   30%         3    #......
 Vampiric Draining        Necr           #.........   30%         3    #......
 Yara's Violent Unravell  Hex/Tmut       ###.......   30%         5    #####..
 Animate Dead             Necr           N/A          71%         4    ###....
 Passage of Golubria      Tloc           N/A          71%         4    ###....
 Agony                    Necr           #.......     96%         5    #####..
 Lee's Rapid Deconstruct  Erth           #.........   96%         5    #####..
 Metabolic Englaciation   Hex/Ice        #.........   96%         5    #####..
 Darkness                 Hex            #.........   100%        6    ######.
 Invisibility             Hex            #.......     100%        6    ######.


Dungeon Overview and Level Annotations

Branches:
Dungeon (11/15)            Temple (1/1) D:6            Lair (3/6) D:11
    Orc (0/2) D:10          IceCv (visited)
  Swamp: Lair:2-4    Shoals: Lair:2-4     Snake: Lair:2-4    Spider: Lair:2-4

Altars:
Ashenzari
Cheibriados
Dithmenos
Elyvilon
Fedhas
Gozag
Hepliaklqana
Kikubaaqudgha
Makhleb
Nemelex Xobeh
Okawaru
Qazlal
Ru
Sif Muna
Trog
Uskayaw
Vehumet
Wu Jian
Xom
Yredelemnul
Zin
The Shining One

Shops:
D:4 [   D:10 *


Innate Abilities, Weirdness & Mutations

((You can breathe blasts of scalding, opaque steam.))
((Your pale cyan-grey scales are hard. (AC +8)))
You cannot fit into any form of body armour.
((You are cold-blooded and may be slowed by cold attacks.))


Message History

You freeze the seven-headed hydra.
The seven-headed hydra is moderately wounded.
You hit the seven-headed hydra but do no damage.
The seven-headed hydra is moderately wounded.
You hit the seven-headed hydra. You freeze the seven-headed hydra.
The seven-headed hydra is heavily wounded.
The seven-headed hydra bites you. The seven-headed hydra bites you!
The seven-headed hydra misses you. The seven-headed hydra bites you. x3
The seven-headed hydra bites you! x3
The seven-headed hydra barely misses you.
The seven-headed hydra completely misses you.
The seven-headed hydra bites you but does no damage.
The seven-headed hydra bites you. The seven-headed hydra bites you!
* * * LOW HITPOINT WARNING * * *
The seven-headed hydra bites you!
* * * LOW HITPOINT WARNING * * *
The seven-headed hydra bites you!
* * * LOW HITPOINT WARNING * * *
The seven-headed hydra bites you!
You die...

##...## #..###........#..###...
###..<.####.P####......#..P##P...
.................................
...........♣....♣♣♣♣.♣..♣........
..........♣♣♣.♣.♣ ♣♣♣♣♣♣♣.......
..........♣.♣♣♣♣♣ §§♣§.♣.......
....<.......≈♣.♣♣ §§§..♣♣......
............≈≈.○♣♣ l§.D ♣......
.##.....(.♣≈≈≈.DY♣ §≈≈♣ §♣♣.....
###......#♣≈≈≈≈°D♣ §§§♣§§♣♣#....
###......#♣≈≈≈≈♣§♣♣♣§≈§§§♣♣##....
#........#♣≈≈≈≈♣§§§♣§≈≈.§♣.♣.....
..........♣≈≈≈≈♣§§§..≈≈§♣♣.......
.........#♣≈≈≈♣♣♣♣♣..≈♣♣♣>.......
.........#♣♣♣♣♣♣♣♣♣♣♣♣♣#♣♣##.....
##.......##'♣♣#..♣.♣..#...#.#...†
.##...>..P..#..#...P.............


You could see 2 seven-headed hydras.

Vanquished Creatures
  The ghost of Paxkim the Blocker, a journeyman GnFi of Okawaru (Lair:2)
  2 hydras
  A two-headed ogre (D:10)
  Pikel (D:7)
  An ugly thing (D:11)
  3 oklob plants (D:11)
  A black mamba (Lair:3)
  2 ice statues (IceCv)
  2 gargoyles (D:11)
  Maggie (Lair:2)
  Psyche (D:8)
  3 spiny frogs
  A rime drake (Lair:2)
  5 komodo dragons
  10 ice devils
  A troll (D:9)
  A hornet (D:11)
  2 dream sheep (D:11)
  2 hippogriffs
  Eustachio (D:5)
  A wyvern (D:10)
  11 yaks
  A hungry ghost (D:10)
  2 basilisks
  14 water moccasins
  An ice beast (D:9)
  3 slaves (D:7)
  2 phantoms
  4 sky beasts
  7 orc warriors
  10 wolves
  6 ogres
  2 eyes of draining (D:8)
  2 centaurs
  4 big kobolds
  7 crocodiles
  10 bullfrogs
  A wyvern zombie (D:6)
  3 gnoll sergeants
  5 scorpions
  4 killer bees (D:11)
  9 wights
  5 howler monkeys
  A bullfrog zombie (D:11)
  2 crimson imps
  A centaur zombie (D:9)
  9 hounds
  2 bullfrog skeletons
  A jelly (D:9)
  5 orc priests
  6 orc wizards
  3 iguanas
  8 worker ants
  A hound zombie (D:5)
  A hound skeleton (D:11)
  A howler monkey zombie (D:5)
  2 worker ant zombies
  7 gnolls
  15 adders
  5 shadow imps
  7 white imps (IceCv)
  7 ufetubi (IceCv)
  An ooze (D:7)
  3 adder zombies
  A dart slug (D:1)
  7 leopard geckos
  36 orcs
  A ball python (D:2)
  4 giant cockroaches
  9 goblins
  4 hobgoblins
  16 jackals
  12 kobolds
  3 quokkas
  2 bats
  6 frilled lizards
  A goblin skeleton (D:8)
  A goblin zombie (D:8)
  3 hobgoblin zombies (D:8)
  A jackal zombie (D:6)
  2 kobold skeletons (D:8)
  An orc skeleton (D:8)
  4 orc zombies (D:8)
  6 rats
364 creatures vanquished.

Vanquished Creatures (others)
  A reaper (IceCv)
  A slave (D:7)
  2 white imps (IceCv)
  5 ufetubi (IceCv)
  2 fungi (Lair:2)
  4 plants (D:11)
15 creatures vanquished.

Grand Total: 379 creatures vanquished

Notes
Turn   | Place    | Note
-------+----------+-------------------------------------------
     0 | D:1      | kae the Draconian Transmuter began the quest for the Orb.
     0 | D:1      | Reached XP level 1. HP: 16/16 MP: 3/3
   199 | D:1      | Reached XP level 2. HP: 23/23 MP: 3/5
   867 | D:2      | Reached XP level 3. HP: 24/28 MP: 4/6
  1743 | D:3      | Reached skill level 4 in Unarmed Combat
  1798 | D:3      | Reached XP level 4. HP: 33/35 MP: 5/7
  2175 | D:4      | Learned a level 2 spell: Sticks to Snakes
  2179 | D:4      | Learned a level 3 spell: Spider Form
  2329 | D:4      | Reached XP level 5. HP: 29/40 MP: 5/9
  2600 | D:4      | Reached skill level 5 in Unarmed Combat
  2756 | D:4      | Reached XP level 6. HP: 39/47 MP: 7/11
  3408 | D:4      | Found Laxzom's Armour Boutique.
  3641 | D:5      | Entered Level 5 of the Dungeon
  4232 | D:5      | Reached skill level 6 in Unarmed Combat
  4232 | D:5      | Your scales start taking on a pale cyan-grey colour.
  4232 | D:5      | Reached XP level 7. HP: 52/52 MP: 5/12
  4588 | D:5      | Noticed Eustachio
  4607 | D:5      | Killed Eustachio
  4607 | D:5      | Reached skill level 7 in Unarmed Combat
  5290 | D:4      | Reached skill level 5 in Transmutations
  5290 | D:4      | Reached XP level 8. HP: 59/59 MP: 10/15
  5581 | D:6      | Found a shimmering blue altar of Sif Muna.
  5658 | D:6      | Reached skill level 5 in Spellcasting
  5863 | D:6      | Reached skill level 8 in Unarmed Combat
  6052 | D:6      | Found a stormy altar of Qazlal.
  6232 | D:6      | Found a staircase to the Ecumenical Temple.
  6403 | Temple   | Entered the Ecumenical Temple
  6648 | Temple   | Became a worshipper of the Wu Jian Council
  7221 | D:8      | Reached skill level 9 in Unarmed Combat
  7221 | D:8      | Reached XP level 9. HP: 40/64 MP: 15/17
  7344 | D:8      | Found a glowing golden altar of the Shining One.
  7346 | D:8      | Noticed Psyche
  7363 | D:8      | Reached * piety under Wu Jian
  7382 | D:8      | Killed Psyche
  7463 | D:8      | Found a bloodstained altar of Trog.
  7671 | D:8      | Found a stormy altar of Qazlal.
  7703 | D:7      | Found a hide-covered altar of Uskayaw.
  7703 | D:7      | Noticed a -2 dagger
  7703 | D:7      | Noticed a +0 dagger
  7952 | D:7      | Noticed Pikel
  8015 | D:7      | Killed Pikel
  8015 | D:7      | Reached skill level 10 in Unarmed Combat
  8591 | D:9      | Noticed a troll
  8606 | D:9      | Killed a troll
  8606 | D:9      | Reached XP level 10. HP: 38/71 MP: 9/20
  8785 | D:9      | Found an ancient bone altar of Kikubaaqudgha.
  8967 | D:9      | Reached ** piety under Wu Jian
  9225 | D:10     | Entered Level 10 of the Dungeon
  9343 | D:10     | Reached skill level 11 in Unarmed Combat
  9715 | D:10     | Noticed a two-headed ogre
  9729 | D:10     | Killed a two-headed ogre
  9909 | D:10     | Found Nuisoel's General Store.
 10456 | D:10     | Found a staircase to the Orcish Mines.
 10581 | D:4      | Bought a +0 pair of boots of running for 378 gold pieces
 10848 | D:11     | Reached skill level 12 in Unarmed Combat
 10862 | D:11     | Noticed a gargoyle
 10874 | D:11     | Killed a gargoyle
 10990 | D:10     | Learned a level 4 spell: Ice Form
 10996 | D:10     | Learned a level 5 spell: Blade Hands
 11181 | D:11     | Reached XP level 11. HP: 77/77 MP: 10/23
 11182 | D:11     | Found a frozen archway.
 11191 | IceCv    | Entered an ice cave
 11509 | IceCv    | Identified a +2 pair of boots of running (You found it in
                  | an ice cave)
 11674 | IceCv    | Killed a reaper
 12129 | IceCv    | Reached *** piety under Wu Jian
 12960 | D:11     | Noticed a red ugly thing
 12968 | D:11     | Killed a red ugly thing
 13259 | D:11     | Reached skill level 13 in Unarmed Combat
 13666 | D:11     | Found a staircase to the Lair.
 13666 | D:11     | Noticed an oklob plant
 13810 | D:11     | Noticed an oklob plant
 13930 | D:11     | Learned a level 2 spell: Passwall
 14203 | D:11     | Noticed a two-headed hydra
 14211 | D:11     | Killed a two-headed hydra
 14519 | D:11     | Noticed an oklob plant
 14674 | D:11     | Killed an oklob plant
 14709 | D:11     | Killed an oklob plant
 14709 | D:11     | Reached skill level 10 in Transmutations
 14973 | D:11     | Killed an oklob plant
 15064 | Lair:1   | Entered Level 1 of the Lair of Beasts
 15155 | Lair:1   | Reached XP level 12. HP: 83/83 MP: 19/25
 15477 | Lair:1   | You fall into a shaft and drop 1 floor!
 15482 | Lair:2   | Noticed Maggie
 15624 | Lair:2   | Killed Maggie
 15624 | Lair:2   | Reached skill level 14 in Unarmed Combat
 15807 | Lair:2   | Found a runed translucent door.
 15892 | Lair:2   | Reached **** piety under Wu Jian
 16537 | Lair:2   | Noticed Paxkim's ghost (journeyman GnFi)
 16646 | Lair:2   | Killed Paxkim's ghost
 16646 | Lair:2   | Reached skill level 10 in Spellcasting
 17529 | Lair:3   | Noticed a seven-headed hydra
 17533 | Lair:3   | Killed a seven-headed hydra
 17533 | Lair:3   | Reached skill level 15 in Unarmed Combat
 17833 | Lair:3   | Noticed a seven-headed hydra
 17833 | Lair:3   | Noticed a seven-headed hydra
 17860 | Lair:3   | Slain by a seven-headed hydra

Levels and vault maps discovered:
D:1:      lemuel_arrival_rhombus, layout_basic
D:2:      layout_basic, first_ration
D:3:      layout_rooms
D:4:      layout_basic, serial_shops, shop, minmay_fountain_box,
          ebering_dispersal_statue_hall, serial_bayou_lagoon_b
D:5:      layout_layer_cave, sword_in_stone
D:6:      layout_cave_pools, lemuel_round_altar, minmay_temple_entry_glass,
          basic_altar
D:7:      layout_basic, dancing_weapons_uskayaw, uniq_pikel
D:8:      layout_cave_pools, trog_eyes_of_draining, basic_altar,
          nicolae_tso_besieged_by_evil, uniq_psyche
D:9:      layout_roguey, overflow_temple_1_default
D:10:     layout_loops_cross, david_orc_4, serial_shops, nicolae_shop_crystal
D:11:     layout_irregular_city, dpeg_oklobed_lair,
          portal_ice_cave_demonic_guard, hangedman_ranch
          [blue_anna_fruit_fields]
Temple:   dpeg_five_rooms_temple
Lair:1:   layout_long_grid, minivault_26, roderic_batcave, grunt_megastairs_4,
          lemuel_fruit_fields
Lair:2:   layout_concentric_octagons, ebering_ghost_reflecting_pool, uniq_maggie
Lair:3:   layout_regular_city, palyth_hydra_swamp_entry, grunt_megastairs_5

Skill      XL: |  1  2  3  4  5  6  7  8  9 10 11 12 |
---------------+-------------------------------------+-----
Unarmed Combat | 4 5 6 7 9 10 12 13 15 | 15.0
Transmutations | 3 4 5 6 7 8 10 11 | 11.0
Spellcasting   | 3 4 5 6 8 9 10 | 10.0
Dodging        | 2 |  2.1
Fighting       | |  1.7

Action                   |  1- 3 |  4- 6 |  7- 9 | 10-12 || total
-------------------------+-------+-------+-------+-------++-------
Melee: Unarmed           |   111 |   174 |   317 |   555 ||  1157
       Tailslap          |    11 |    12 |    21 |    20 ||    64
       Headbutt          |     3 |     2 |     1 |       ||     6
       Kick              |    13 |     6 |       |       ||    19
       Punch             |     2 |     1 |     8 |     9 ||    20
 Cast: Beastly Appendage |    21 |    17 |     3 |       ||    41
       Spider Form       |       |     9 |    19 |     5 ||    33
       Ice Form          |       |       |       |    38 ||    38
       Blade Hands       |       |       |       |    17 ||    17
Invok: Lunge             |       |       |    28 |    32 ||    60
       Whirlwind         |       |       |       |    17 ||    17
 Abil: Breathe Steam     |       |       |    22 |    13 ||    35
       End Transformatio |       |       |       |     1 ||     1
       Wall Jump         |       |       |       |     2 ||     2
Evoke: Wand              |       |       |       |    28 ||    28
  Use: Scroll            |     4 |       |    14 |     2 ||    20
       Potion            |       |       |     1 |     1 ||     2
 Stab: Sleeping          |     2 |     5 |     3 |    11 ||    21
       Distracted        |       |       |     2 |     3 ||     5
  Eat: Chunk             |     2 |     7 |     9 |    20 ||    38
       Ration            |       |     1 |     3 |     6 ||    10
Armor: Skin              |    25 |    45 |    44 |   112 ||   226
Dodge: Dodged            |    58 |   122 |   157 |   204 ||   541

Table legend:
 A = Non-vault XP
 B = Vault XP
 C = Vault XP percentage of total XP
 D = Non-vault monster count
 E = Vault monster count
 F = Vault count percentage of total count
                 A         B        C        D         E       F
            +---------+---------+-------+---------+---------+-------
      Total |   21186 |   12659 |  37.4 |     281 |      81 |  22.4
            +---------+---------+-------+---------+---------+-------
        D:1 |      34 |       0 |   0.0 |      19 |       0 |   0.0
        D:2 |      42 |       0 |   0.0 |      11 |       0 |   0.0
        D:3 |      30 |       0 |   0.0 |      10 |       0 |   0.0
        D:4 |     441 |       0 |   0.0 |      35 |       0 |   0.0
        D:5 |     616 |     345 |  35.9 |      24 |       3 |  11.1
        D:6 |     664 |       0 |   0.0 |      20 |       0 |   0.0
        D:7 |    1349 |     663 |  33.0 |      26 |       1 |   3.7
        D:8 |     309 |     700 |  69.4 |       8 |      18 |  69.2
        D:9 |    1088 |     133 |  10.9 |      13 |       1 |   7.1
       D:10 |    2753 |     530 |  16.1 |      29 |      13 |  31.0
       D:11 |    3552 |    4452 |  55.6 |      38 |      13 |  25.5
     Lair:1 |    1636 |     463 |  22.1 |       9 |       4 |  30.8
     Lair:2 |    5241 |    1533 |  22.6 |      25 |       2 |   7.4
     Lair:3 |    3431 |     145 |   4.1 |      14 |       1 |   6.7
      IceCv |       0 |    3695 | 100.0 |       0 |      25 | 100.0
            +---------+---------+-------+---------+---------+-------
